 Dungeon Crawl Stone Soup version 0.27-a0-412-g8dd771eca2 (webtiles) character file.

Game seed: 14082716984845987382

49 mobtown the Grave Robber (level 3, 0/19 HPs)
             Began as a Deep Elf Necromancer on Feb 23, 2021.
             Slain by a centaur skeleton (2 damage)
             ... on level 2 of the Dungeon.
             The game lasted 00:06:18 (2076 turns).

mobtown the Grave Robber (Deep Elf Necromancer)     Turns: 2076, Time: 00:06:19

Health: 0/19       AC:  2    Str:  5    XL:     3   Next: 53%
Magic:  7/10       EV: 13    Int: 20    God:
Gold:   44         SH:  0    Dex: 15    Spells: 4/9 levels left

rFire    . . .     SeeInvis .   g - +0 spear
rCold    . . .     Faith    .   (no shield)
rNeg     . . .     Spirit   .   a - +0 robe
rPois    .         Reflect  .   (no helmet)
rElec    .         Harm     .   (no cloak)
rCorr    .         Rampage  .   (no gloves)
Will     .....                  (no boots)
Stlth    ++........             (no amulet)
HPRegen  0.06/turn              (no ring)
MPRegen  0.12/turn              (no ring)

@: hasted, very quick
A: no striking features
a: no special abilities


You were on level 2 of the Dungeon.
You visited 1 branch of the dungeon, and saw 2 of its levels.

You collected 44 gold pieces.

Inventory:

Hand Weapons
 g - a +0 spear (weapon)
Missiles
 b - 49 stones
Armour
 a - a +0 robe (worn)
Scrolls
 d - a scroll of blinking {unknown}
Potions
 e - a potion of cancellation {unknown}
 f - a potion of lignification {unknown}


   Skills:
 + Level 2.6 Dodging
 + Level 2.5 Stealth
 + Level 3.6 Spellcasting
 * Level 6.0 Necromancy


You had 4 spell levels left.
You knew the following spells:

 Your Spells              Type           Power        Failure   Level
a - Pain                  Necr           100%         1%          1
b - Animate Skeleton      Necr           54%          1%          1
c - Vampiric Draining     Necr           13%          3%          3

Your spell library contained the following spells:

 Spells                   Type           Power        Failure   Level
 Animate Dead             Necr           13%          11%         4
 Agony                    Necr           27%          30%         5


Dungeon Overview and Level Annotations

Branches:
Dungeon (2/15)

Altars:


Message History

The quokka barely misses you. The centaur skeleton hits you.
The quokka closely misses you.
You hit the centaur skeleton.
The centaur skeleton is moderately damaged.
The centaur skeleton hits you!
* * * LOW HITPOINT WARNING * * *
The quokka bites you but does no damage.
The centaur skeleton closely misses you.
You hit the centaur skeleton.
The centaur skeleton is moderately damaged.
The quokka barely misses you.
The centaur skeleton closely misses you.
The quokka closely misses you.
Casting: Pain (safe; 1% risk of failure)
Confirm with . or Enter, or press ? or * to list all spells.
The spell is quite dangerous to cast (3% risk of failure)!
Continue anyway?
Okay, then.
The frilled lizard hisses angrily.
Casting: Vampiric Draining (quite dangerous; 3% risk of failure)
Confirm with . or Enter, or press ? or * to list all spells.
The spell is quite dangerous to cast (3% risk of failure)!
Continue anyway?
Aiming: Vampiric Draining (quite dangerous; 3% risk of failure)
Press: ? - help, Shift-Dir - straight line, f - quokka
Aim: a quokka You kill the quokka!
You feel life coursing into your body.
You hit the centaur skeleton.
The centaur skeleton is moderately damaged.
The centaur skeleton hits you.
* * * LOW HITPOINT WARNING * * *
The kobold hits the plant.
The plant begins to die.
Something bites the plant.
The plant begins to die.
You hit the centaur skeleton.
The centaur skeleton is moderately damaged.
The centaur skeleton barely misses you.
The centaur skeleton closely misses you.
The kobold hits the plant.
Something bites the plant.
It was a potion of haste.
You feel yourself speed up. The centaur skeleton hits you.
You die...

............♣.P♣P♣P...§§P♣♣
........>.#..P.♣P......♣P.
........#.##......♣♣.P..r
..............♣♣...P♣..♣ ♣
..............P♣♣.♣?♣P♣♣ .♣
............♣.♣♣.♣...P.♣.♣
..##.#.......♣..P♣..8.♣..♣
#.# #......♣♣.♣.♣....P♣ #..
#...... ♣.♣@P8.⌠.8♣...
.............P.!♣ZP....P♣
#...##. ....P♣♣.♣K.8.P♣.♣
#.#..# .... ♣P.♣P......♣ .
. ... .#. ♣♣♣♣♣..♣♣♣♣♣ # ##
#. .. ♣P..♣ # ..♣P..
..PPP♣. ♣♣.P♣P


P You could see a kobold and a centaur skeleton.

Vanquished Creatures
  2 dart slugs (D:1)
  2 leopard geckos (D:1)
  A giant cockroach (D:1)
  4 goblins (D:1)
  6 hobgoblins (D:1)
  7 jackals (D:1)
  A quokka (D:2)
  6 bats
  A frilled lizard (D:1)
  3 kobolds (D:1)
  6 rats (D:1)
39 creatures vanquished.

Vanquished Creatures (others)
  3 plants (D:2)
3 creatures vanquished.

Grand Total: 42 creatures vanquished

Notes
Turn   | Place    | Note
-------+----------+-------------------------------------------
     0 | D:1      | mobtown the Deep Elf Necromancer began the quest for the
                  | Orb.
     0 | D:1      | Reached XP level 1. HP: 10/10 MP: 6/6
    84 | D:1      | Reached skill level 5 in Necromancy
   320 | D:1      | Reached XP level 2. HP: 9/15 MP: 2/8
  1092 | D:1      | Reached XP level 3. HP: 18/19 MP: 7/9
  1094 | D:1      | Learned a level 1 spell: Animate Skeleton
  1098 | D:1      | Learned a level 3 spell: Vampiric Draining
  1941 | D:2      | Reached skill level 6 in Necromancy
  2076 | D:2      | Slain by a centaur skeleton

Illustrated notes

Levels and vault maps discovered:
D:1:      dpeg_arrival_signposts, layout_loops_ring
D:2:      wad_woods_tower, layout_rooms, overflow_temple_1_default,
          uniq_crazy_yiuf_cottage

Skill      XL: |  1  2  3 |
---------------+----------+-----
Necromancy     | 5 6 |  6.0
Dodging        | |  2.6
Stealth        | |  2.5
Spellcasting   | |  3.6

Action                   || total
-------------------------++-------
Melee: Spear             ||     5
       Unarmed           ||     2
 Cast: Pain              ||    61
       Vampiric Draining ||     3
  Use: Potion            ||     1
Armor: Robe              ||     4
Dodge: Dodged            ||    23

Table legend: (Time is in decaauts)
 A = Elapsed time spent in this place.
 B = Non-inter-level travel time spent in this place.
 C = Inter-level travel time spent in this place.
 D = Time resting spent in this place.
 E = Time spent auto-exploring this place.
 F = Levels seen in this place.
 G = Mean time per level.
                   A        B        C        D        E       F      G
               +--------+--------+--------+--------+--------+-----+--------+
         Total |   2077 |   2077 |      0 |    791 |    999 |   2 | 1038.5 |
       Dungeon |   2077 |   2077 |      0 |    791 |    999 |   2 | 1038.5 |
               +--------+--------+--------+--------+--------+-----+--------+

Top non-repeatable levels by time:
     D:1: 2035 daAuts
     D:2: 42 daAuts
